 Dungeon Crawl Stone Soup version 0.24-a0-653-g3936067ed8 (webtiles) character file.

Game seed: 16381184944319101134, levelgen mode: deterministic

32 Fleras the Skirmisher (level 3, 0/33 HPs)
             Began as a Hill Orc Monk on Sept 27, 2019.
             Slain by a kobold (1 damage)
             ... on level 2 of the Dungeon.
             The game lasted 00:09:53 (1666 turns).

Fleras the Skirmisher (Hill Orc Monk)               Turns: 1666, Time: 00:09:54

Health: 0/33       AC:  9    Str: 14    XL:     3   Next: 25%
Magic:  3/3        EV:  7    Int: 10    God:
Gold:   51         SH:  0    Dex: 13    Spells: 2/2 levels left

rFire    x . .     SeeInvis .   a - +0 spear
rCold    + . .     Gourm    .   (no shield)
rNeg     . . .     Faith    .   j - +0 chain mail
rPois    .         Spirit   .   (no helmet)
rElec    .         Reflect  .   (no cloak)
rCorr    .         Harm     .   (no gloves)
MR       .....                  f - +0 pair of boots
Stlth    ..........             (no amulet)
HPRegen  0.11/turn              e - ring of stealth
MPRegen  0.08/turn              g - ring of ice

@: no status effects
A: no striking features
a: no special abilities


You were on level 2 of the Dungeon.
You were not hungry.

You visited 1 branch of the dungeon, and saw 2 of its levels.

You collected 51 gold pieces.

Inventory:

Hand Weapons
 a - a +0 spear (weapon)
Missiles
 h - 41 stones (quivered)
Armour
 b - a +0 robe
 f - a +0 pair of boots (worn)
 j - a +0 chain mail (worn)
Jewellery
 e - a ring of stealth (left hand)
 g - a ring of ice (right hand)
Comestibles
 c - 3 rations


   Skills:
 + Level 4.0 Fighting
 + Level 3.7 Polearms
 + Level 1.2 Armour
 - Level 2.4 Dodging
 + Level 2.0 Stealth


You had 2 spell levels left.
You didn't know any spells.
Your spell library was empty.

Dungeon Overview and Level Annotations

Branches:
Dungeon (2/15)

Altars:


Message History

* * * LOW HITPOINT WARNING * * *
The adder bites you but does no damage. The adder barely misses you.
The kobold hits you but does no damage. The adder bites you.
* * * LOW HITPOINT WARNING * * *
The kobold hits you but does no damage. The adder barely misses you.
The kobold completely misses you. The adder bites you but does no damage.
The kobold hits you but does no damage. The adder bites you.
* * * LOW HITPOINT WARNING * * *
The adder bites you but does no damage. The kobold hits you.
* * * LOW HITPOINT WARNING * * *
You feel less wooden.
Your +0 pair of boots unmelds from your body.
Your +0 chain mail unmelds from your body.
The adder completely misses you. The kobold barely misses you.
The adder bites you.
* * * LOW HITPOINT WARNING * * *
The kobold hits you.
You die...

#....................#...##...
#....................########.
####...#......................
#...#..............######..
*######...#......................
*.......).#...............#......
*+######'##..##........#.......รท.
,,,,,,#<.##.>...KS...............
,,,,,,#..##.....@##.#.##......#.#
,,,,,,#..........##.#.##...#..#..
,,,,,...####.....##.#.....)......
,,,,,.###**#.....##.#............
,,,,,.,,,,........#.##...........
***'#****###......#.##...........
*,,,,****#......#.##...........
******+*,,,......##,*#...........
*,,,,,,,,,*.###...,,**,,,,,......


You could see an adder and a kobold.

Vanquished Creatures
  A dart slug (D:1)
  2 leopard geckos
  5 bats
  2 giant cockroaches (D:1)
  4 goblins
  A hobgoblin (D:1)
  A frilled lizard (D:1)
  5 kobolds (D:1)
  8 rats
29 creatures vanquished.

Notes
Turn   | Place    | Note
-------+----------+-------------------------------------------
     0 | D:1      | Fleras the Hill Orc Monk began the quest for the Orb.
     0 | D:1      | Reached XP level 1. HP: 19/19 MP: 1/1
   456 | D:1      | Reached XP level 2. HP: 17/27 MP: 2/2
  1209 | D:1      | Reached skill level 1 in Armour
  1257 | D:1      | Reached skill level 4 in Fighting
  1257 | D:1      | Reached XP level 3. HP: 24/33 MP: 3/3
  1665 | D:2      | HP: 1/33 [adder (3)]
  1666 | D:2      | Slain by a kobold

Levels and vault maps discovered:
D:1:      dpeg_arrival_ratfight, layout_basic
D:2:      layout_basic, grunt_temple_overflow_holy_war, uniq_robin, uniq_terence

Skill      XL: |  1  2 |
---------------+-------+-----
Armour         | 1 |  1.2
Stealth        | 2 |  2.0
Fighting       | 4 |  4.0
Polearms       | |  3.7
Dodging        | |  2.4

Action                   || total
-------------------------++-------
Melee: Spear             ||   128
Throw: Stone             ||     6
  Use: Scroll            ||     2
       Potion            ||     2
 Stab: Sleeping          ||     3
  Eat: Chunk             ||     2
Armor: Robe              ||    11
       Chain mail        ||    35
       Skin              ||    43
Dodge: Dodged            ||    63

Table legend:
 A = Non-vault XP
 B = Vault XP
 C = Vault XP percentage of total XP
 D = Non-vault monster count
 E = Vault monster count
 F = Vault count percentage of total count
                 A         B        C        D         E       F
            +---------+---------+-------+---------+---------+-------
      Total |      41 |       5 |  10.9 |      24 |       5 |  17.2
            +---------+---------+-------+---------+---------+-------
        D:1 |      33 |       5 |  13.2 |      20 |       5 |  20.0
        D:2 |       8 |       0 |   0.0 |       4 |       0 |   0.0
            +---------+---------+-------+---------+---------+-------
